cohdb
Replays
Latest Replays
All Replays
Popular Replays
Top Player Replays
Match Explorer
How It Works
Community
CoH3 Stats
Reddit
Sign in to upload your games and track your stats! →
Sign in with Steam
Match 45518941
Unlisted
Match 45518941
Overview
Messages
Build Orders
End
Pioneer Squad
Construct Infanterie Kompanie
Grenadier Squad
Grenadier Squad
Grenadier Squad
Grenadier Squad
Infanterie Officer Quarters
Selects Mechanized Battlegroup
Selects Raid Package
Construct Panzergrenadier Kompanie
Pak 40 Anti-tank Gun Team
Selects 8 Rad Armored Car
8 Rad Armored Car
GrW 34 Mortar Team
Pioneer Squad
8 Rad Armored Car
Pak 40 Anti-tank Gun Team
Selects Spotting Scopes
Pak 40 Anti-tank Gun Team
lemontart
FeriG
0
0
Comments
sign in to comment!
No comments posted yet!